 Dungeon Crawl Stone Soup version 0.31-a0-986-g5e6e4ef867 (webtiles) character file.

Game seed: 8229252141779256351

6396 gelatine the Cleaver (level 10, 0/76 HPs)
             Began as a Demonspawn Fighter on Nov 17, 2023.
             Slain by a two-headed ogre
             ... wielding a +0 giant club
              (30 damage)
             ... on level 10 of the Dungeon.
             The game lasted 00:29:42 (10421 turns).

gelatine the Cleaver (Demonspawn Fighter)          Turns: 10421, Time: 00:29:43

Health: 0/76       AC: 10    Str: 21    XL:     10   Next: 66%
Magic:  15/15      EV: 22    Int:  9    God:
Gold:   406        SH:  5    Dex: 13    Spells: 11/16 levels left

rFire   . . .        e - +0 war axe (freeze)
rCold   . . .        c - +0 buckler
rNeg    . . .        L - +0 acid dragon scales
rPois   .            (helmet restricted)
rElec   .            x - +0 cloak
rCorr   +            j - +1 pair of gloves
SInv    .            (no boots)
Will    +....        (no amulet)
Stlth   ++           t - +5 ring of evasion
HPRegen 0.32/turn    J - ring of willpower
MPRegen 0.14/turn

%: no passive effects
@: agile
A: horns 1, powered by pain 1, spiny 2, weakness stinger 1, demonic touch 2
a: no special abilities


You were on level 10 of the Dungeon.
You visited 2 branches of the dungeon, and saw 11 of its levels.

You collected 496 gold pieces.
You spent 90 gold pieces at shops.

Inventory:

Hand Weapons
 a - a +0 war axe
 e - a +0 war axe of freezing (weapon)
 h - a +0 heavy war axe
 E - a +1 heavy war axe
Missiles
 l - 16 poisoned darts
 s - a throwing net
 v - a boomerang (quivered)
Armour
 c - a +0 buckler (worn)
 j - a +1 pair of gloves (worn)
 w - an orb of energy
 x - a +0 cloak (worn)
 y - the +0 robe of the Good {rC+++ rN+++ Stlth-}
   (You found it on level 7 of the Dungeon)

   rC+++:     It renders you almost immune to cold.
   rN+++:     It renders you almost immune to negative energy.
   Stlth-:    It makes you less stealthy.
 L - +0 acid dragon scales (worn)
Jewellery
 m - the ring of Zearphyle {rPois Will++ Str+6 Slay-5 SInv}
   (You found it on level 2 of the Dungeon)

   [ring of strength]

   Str+6:     It affects your strength (+6).
   Slay-5:    It affects your accuracy & damage with ranged weapons and melee
   (-5).
   rPois:     It protects you from poison Will++: It greatly increases your
   willpower.
   SInv:      It lets you see invisible.
 t - a +5 ring of evasion (left hand)
 D - a ring of wizardry
 J - a ring of willpower (right hand)
Wands
 k - a wand of paralysis (12)
 H - a wand of mindburst (5)
Scrolls
 b - a scroll of immolation
 i - a scroll of fear
 n - a scroll of silence
 o - 4 scrolls of noise
 r - 5 scrolls of teleportation
 C - a scroll of torment
 F - a scroll of revelation
 I - 2 scrolls of amnesia
 K - a scroll of enchant weapon {unknown}
 M - a scroll of vulnerability {unknown}
 N - a scroll of enchant armour
 O - a scroll of brand weapon {unknown}
Potions
 d - 3 potions of might
 f - 2 potions of cancellation
 g - 6 potions of curing
 p - 2 potions of attraction {unknown}
 q - a potion of resistance
 u - 4 potions of heal wounds {unknown}
 z - 2 potions of degeneration {unknown}
 A - a potion of enlightenment {unknown}
 B - 2 potions of mutation {unknown}
 G - a potion of ambrosia {unknown}


   Skills:
 * Level 6.2 Fighting
 * Level 8.2 Axes
 + Level 4.4 Throwing
 * Level 5.3 Armour
 * Level 4.0 Dodging
 + Level 1.8 Stealth
 * Level 5.6 Shields
 + Level 3.5 Spellcasting
 * Level 1.8 Transmutations
 * Level 2.1 Fire Magic
 * Level 3.3 Poison Magic
 * Level 2.6 Evocations


You had 11 spell levels left.
You knew the following spells:

 Your Spells              Type           Power      Damage    Failure   Level
a - Ignite Poison         Fire/Tmut/Pois 6%         N/A       43%         3
b - Wereblood             Tmut           5%         N/A       30%         2

Your spell library contained the following spells:

 Spells                   Type           Power      Damage    Failure   Level
 Cigotuvi's Dreadful Rot  Necr/Pois/Air  6%         N/A       38%         2
 Freeze                   Ice            4%         1d3       41%         1
 Kiss of Death            Conj/Necr      4%         2d5       41%         1
 Sandblast                Erth           2%         2d4       41%         1
 Slow                     Hex            4%         N/A       41%         1
 Passwall                 Tmut/Erth      2%         N/A       41%         2
 Volatile Blastmotes      Fire/Tloc      6%         2d10      63%         3
 Confusing Touch          Hex            1%         N/A       78%         3
 Frozen Ramparts          Ice            2%         1d1       78%         3
 Hailstorm                Conj/Ice       1%         3d3       78%         3
 Sigil of Binding         Hex            1%         N/A       78%         3
 Stone Arrow              Conj/Erth      2%         3d7       78%         3
 Vampiric Draining        Necr           1%         2d6       78%         3
 Sticky Flame             Conj/Fire      3%         2d3       95%         4
 Brom's Barrelling Bould  Conj/Erth      1%         2d3       99%         4
 Dispel Undead            Necr           1%         3d6       99%         4
 Fulminant Prism          Conj/Hex       0%         3d5       99%         4
 Iskenderun's Mystic Bla  Conj/Tloc      1%         2d3       99%         4
 Summon Ice Beast         Ice/Summ       1%         N/A       99%         4
 Vhi's Electric Charge    Tloc/Air       2%         N/A       99%         4
 Arcjolt                  Conj/Air       0%         1d10      100%        5
 Freezing Cloud           Conj/Ice/Air   0%         6-21      100%        5
 Summon Mana Viper        Hex/Summ       1%         N/A       100%        5
 Plasma Beam              Fire/Air       1%         2x1d11    100%        6
 Simulacrum               Ice/Necr       0%         N/A       100%        6
 Monstrous Menagerie      Summ           0%         N/A       100%        7
 Ignition                 Fire           2%         3d3       100%        8


Dungeon Overview and Level Annotations

Branches:
Dungeon (10/15)            Temple (1/1) D:5
   Lair: D:8-11         Orc: D:9-12

Altars:
Ashenzari
Cheibriados
Dithmenos
Fedhas
Gozag
Hepliaklqana
Kikubaaqudgha
Makhleb
Nemelex Xobeh
Okawaru
Qazlal
Ru
Sif Muna
Trog
Uskayaw
Vehumet
Wu Jian
Xom
Yredelemnul

Annotations:
D:6 1 runed translucent door, olddryhag's ghost, novice DsGl


Innate Abilities, Weirdness & Mutations

You have a pair of small horns on your head.
You sometimes gain a little power by taking damage.
You are mostly covered in sharp spines.
You have a small tail.
Your touch may inflict irresistible damage on your foes.


Message History

You are no longer poisoned.
There is an open door here.
A two-headed ogre is nearby!
There is an open door here.
There is a stone staircase leading up here.
You climb upwards.
There is a stone staircase leading down here.
HP restored.
Done exploring.
You climb downwards.
The two-headed ogre barely misses you. The two-headed ogre misses you.
There is a stone staircase leading up here.
You completely miss the two-headed ogre.
Your headbutt misses the two-headed ogre.
You tail-slap the two-headed ogre, but do no damage.
The two-headed ogre barely misses you. You block the two-headed ogre's attack.
You slash the two-headed ogre! You freeze the two-headed ogre.
You tail-slap the two-headed ogre.
The two-headed ogre is moderately wounded.
The two-headed ogre is struck by your spines.
The two-headed ogre hits you with a +0 giant club!!
You focus on the pain.
You feel agile all of a sudden.
The two-headed ogre hits you with a +0 dire flail!
You barely miss the two-headed ogre.
You headbutt the two-headed ogre, but do no damage.
You tail-slap the two-headed ogre.
The two-headed ogre is heavily wounded.
Unknown command.
You hit the two-headed ogre but do no damage.
You headbutt the two-headed ogre.
You tail-slap the two-headed ogre, but do no damage.
The two-headed ogre is heavily wounded.
You block the two-headed ogre's attack.
The two-headed ogre hits you with a +0 dire flail.
Unknown command.
You slash the two-headed ogre! You freeze the two-headed ogre.
The two-headed ogre is almost dead.
The two-headed ogre hits you with a +0 giant club!!
You die...

...#.....'.............#
#....
..###....#.............#
#....
..########.............#
#.... .... #.............#
#.... ....# #.............#
#)... ....+ #......O......#
#.).. ...# ####'####.....#
#)... ..#
.##......#.....######....
..
.........O@######..........
. . ............#
#.......... ..
............# #..........
.. ...##.......#
#.......... .. ...
#......## #.......... .. ..
#.......# ########### ..
#........ .. #........ ..
#........


You could see a two-headed ogre.

Vanquished Creatures
  Jeremiah (D:7)
  Sigmund (D:2)
  11 yaks
  A steam dragon (D:8)
  Edmund (D:5)
  Menkaure (D:5)
  An acid dragon (D:8)
  3 orc warriors
  2 black bears
  2 sky beasts
  2 ogres (D:5)
  2 centaurs
  Blork the orc (D:5)
  3 bullfrogs
  A kobold brigand (D:9)
  2 scorpions
  12 wights (D:9)
  15 killer bees
  7 howler monkeys
  2 jellies
  A gnoll bouda (D:6)
  5 orc priests
  5 hounds
  Jessica (D:2)
  Natasha (thrice) (D:4)
  7 orc wizards
  2 sleepcaps
  8 gnolls
  8 adders
  A shadow imp (D:6)
  A white imp (D:6)
  2 ufetubi (D:6)
  3 worms
  29 orcs
  10 ball pythons
  4 endoplasms
  5 giant cockroaches
  6 hobgoblins
  2 jackals (D:4)
  6 quokkas
  6 bats
  3 frilled lizards
  8 goblins
  15 kobolds
  2 rats
214 creatures vanquished.

Notes
Turn   | Place    | Note
-------+----------+-------------------------------------------
     0 | D:1      | gelatine the Demonspawn Fighter began the quest for the
                  | Orb.
     0 | D:1      | Reached XP level 1. HP: 18/18 MP: 1/1
   259 | D:1      | Discovered your monstrous ancestry.
   259 | D:1      | Gained mutation: You have a small tail. [demonic ancestry]
   259 | D:1      | Reached XP level 2. HP: 24/24 MP: 2/2
   752 | D:2      | Noticed Jessica
   756 | D:2      | Killed Jessica
   757 | D:2      | Reached skill level 2 in Axes
   757 | D:2      | Gained mutation: You sometimes gain a little power by
                  | taking damage. [demonic ancestry]
   757 | D:2      | Reached XP level 3. HP: 29/29 MP: 3/3
  1036 | D:2      | Identified the ring of Zearphyle {rPois Will++ Str+6 Slay-5
                  | SInv}
  1064 | D:2      | Noticed Sigmund
  1079 | D:2      | Killed Sigmund
  1080 | D:2      | Reached skill level 3 in Axes
  1080 | D:2      | Reached skill level 1 in Dodging
  1080 | D:2      | Reached skill level 1 in Stealth
  1080 | D:2      | Reached skill level 1 in Spellcasting
  1080 | D:2      | Gained mutation: Your touch may inflict minor irresistible
                  | damage on your foes. [demonic ancestry]
  1080 | D:2      | Reached XP level 4. HP: 10/35 MP: 3/5
  1080 | D:2      | Gained mutation: You are partially covered in sharp spines.
                  | [demonic ancestry]
  1080 | D:2      | Reached XP level 5. HP: 11/41 MP: 3/6
  1763 | D:3      | Reached XP level 6. HP: 47/47 MP: 7/7
  1910 | D:3      | Reached skill level 4 in Axes
  2446 | D:4      | Noticed Natasha
  2452 | D:4      | Killed Natasha
  2487 | D:4      | Noticed Natasha
  2494 | D:4      | Killed Natasha
  2584 | D:4      | Noticed Natasha
  2591 | D:4      | Killed Natasha
  2641 | D:4      | Found a broken altar of Ashenzari.
  2707 | D:4      | Reached skill level 1 in Throwing
  2707 | D:4      | Gained mutation: You have a pair of small horns on your
                  | head. [demonic ancestry]
  2707 | D:4      | Reached XP level 7. HP: 53/53 MP: 9/9
  2823 | D:4      | Found an ornate altar of the Wu Jian Council.
  3063 | D:5      | Entered Level 5 of the Dungeon
  3066 | D:5      | Noticed Menkaure
  3251 | D:5      | Noticed Edmund
  3251 | D:5      | Noticed Blork the orc
  3285 | D:5      | Killed Edmund
  3288 | D:5      | Killed Blork the orc
  3289 | D:5      | Reached skill level 5 in Axes
  3289 | D:5      | Reached XP level 8. HP: 11/61 MP: 9/11
  3483 | D:5      | Found a staircase to the Ecumenical Temple.
  3503 | Temple   | Entered the Ecumenical Temple
  4055 | D:5      | Killed Menkaure
  4545 | D:6      | Found a runed translucent door.
  4568 | D:6      | Noticed olddryhag's ghost (novice DsGl)
  4798 | D:6      | Found Zin's Purification Station.
  4806 | D:6      | Bought a potion of curing for 90 gold pieces
  5007 | D:6      | Found a burning altar of Makhleb.
  5539 | D:7      | Reached skill level 6 in Axes
  5539 | D:7      | Gained mutation: You are mostly covered in sharp spines.
                  | [demonic ancestry]
  5539 | D:7      | Reached XP level 9. HP: 60/67 MP: 12/14
  5812 | D:7      | Noticed Jeremiah
  6503 | D:7      | Killed Jeremiah
  6504 | D:7      | Reached skill level 5 in Fighting
  6709 | D:7      | Identified the +0 robe of the Good {rC+++ rN+++ Stlth-}
  7445 | D:8      | Learned a level 3 spell: Ignite Poison
  7528 | D:8      | Reached skill level 5 in Shields
  7528 | D:8      | Reached skill level 1 in Evocations
  7798 | D:8      | Reached skill level 7 in Axes
  8068 | D:8      | Reached skill level 5 in Armour
  8068 | D:8      | Reached skill level 1 in Fire Magic
  8068 | D:8      | Reached skill level 1 in Poison Magic
  8078 | D:8      | Reached skill level 1 in Transmutations
  8712 | D:9      | Gained mutation: Your touch may inflict irresistible damage
                  | on your foes. [demonic ancestry]
  8712 | D:9      | Reached XP level 10. HP: 76/76 MP: 15/15
  9279 | D:9      | Reached skill level 8 in Axes
  9801 | D:10     | Identified the "Nudoz"
  9801 | D:10     | Entered Level 10 of the Dungeon
  9900 | D:10     | Learned a level 2 spell: Wereblood
 10191 | D:10     | Noticed a two-headed ogre
 10421 | D:10     | Slain by a two-headed ogre

Illustrated notes

Levels and vault maps discovered:
D:1:      minmay_arrival_checkered_box, layout_loops_cross, solitary_fountain,
          minmay_tromino_v2
D:2:      layout_loops_corners, uniq_jessica, uniq_sigmund
D:3:      layout_loops_ring, minivault_24
D:4:      layout_cave_pools, nicolae_overflow_hidden_temple, ashenzari_altar_1,
          minmay_misc_feat_pillars, kennysheep_generic_room_12, uniq_natasha
D:5:      layout_basic, minmay_temple_entry_enclosed_plants, nrook_campfire,
          uniq_edmund, uniq_menkaure, uniq_blork_the_orc
D:6:      layout_loops_ring, zin_purify, nicolae_tso_swordbearing_angel,
          lightli_temple_of_fire, ebering_ghost_reflecting_pool
D:7:      layout_gridville, minmay_misc_feat_tower, uniq_jeremiah
D:8:      layout_basic
D:9:      layout_cave_pods
D:10:     layout_gridville
Temple:   bh_familiar_temple

Skill      XL: |  1  2  3  4  5  6  7  8  9 10 |
---------------+-------------------------------+-----
Shields        | 3 4 5 |  5.6
Axes           | 2 3 4 5 6 7 8 |  8.2
Armour         | 3 4 5 |  5.3
Dodging        | 1 2 3 4 |  4.0
Stealth        | 1 |  1.8
Spellcasting   | 1 2 3 |  3.5
Throwing       | 1 2 4 |  4.4
Fighting       | 4 5 6 |  6.2
Evocations     | 1 2 |  2.6
Fire Magic     | 1 2 |  2.1
Poison Magic   | 1 3 |  3.3
Transmutations | 1 |  1.8

Action                     |  1- 3 |  4- 6 |  7- 9 | 10-12 || total
---------------------------+-------+-------+-------+-------++-------
  Melee: War axe           |    73 |    72 |   284 |    74 ||   503
         Tailslap          |     5 |    11 |    49 |    17 ||    82
         Headbutt          |       |       |    43 |    14 ||    57
  Throw: Dart              |     4 |    54 |    11 |       ||    69
         Boomerang         |       |       |    49 |    74 ||   123
  Evoke: Wand              |       |       |    20 |       ||    20
    Use: Scroll            |       |     4 |    11 |     1 ||    16
 Armour: Scale mail        |    47 |    31 |   135 |       ||   213
         Acid dragon scale |       |       |    15 |    40 ||    55
         Robe              |       |       |     6 |       ||     6
  Dodge: Dodged            |    47 |    26 |   210 |    77 ||   360
  Block: Buckler           |    21 |    17 |    74 |    30 ||   142

Table legend: (Time is in decaauts)
 A = Elapsed time spent in this place.
 B = Non-inter-level travel time spent in this place.
 C = Inter-level travel time spent in this place.
 D = Time resting spent in this place.
 E = Time spent auto-exploring this place.
 F = Levels seen in this place.
 G = Mean time per level.
                   A        B        C        D        E       F      G
               +--------+--------+--------+--------+--------+-----+--------+
         Total |  10588 |  10009 |    579 |      0 |   7854 |  11 |  962.5 |
       Dungeon |  10507 |  10007 |    500 |      0 |   7854 |  10 | 1050.7 |
        Temple |     80 |      1 |     79 |      0 |      0 |   1 |   80.0 |
               +--------+--------+--------+--------+--------+-----+--------+

Top non-repeatable levels by time:
     D:7: 1690 daAuts
     D:6: 1450 daAuts
     D:9: 1327 daAuts
     D:8: 1270 daAuts
     D:5: 1186 daAuts
     D:2: 985 daAuts
     D:4: 823 daAuts
     D:3: 677 daAuts
     D:1: 642 daAuts
    D:10: 451 daAuts
  Temple: 80 daAuts
